 Dungeon Crawl Stone Soup version 0.26.1-11-gd32895ea62 (webtiles) character file.

Game seed: 3246615807370702164

86 raph the Firebug (level 4, -3/24 HPs)
             Began as a Tengu Fire Elementalist on Apr 13, 2021.
             Slain by Crazy Yiuf
             ... wielding a +3 quarterstaff of chaos
              (13 damage)
             ... on level 2 of the Dungeon.
             The game lasted 00:05:12 (3542 turns).

raph the Firebug (Tengu Fire Elementalist)          Turns: 3542, Time: 00:05:12

Health: -3/24      AC:  3    Str:  8    XL:     4   Next: 49%
Magic:  4/8        EV: 13    Int: 17    God:
Gold:   120        SH:  0    Dex: 14    Spells: 3/7 levels left

rFire    . . .     SeeInvis .   p - +1 dagger (drain)
rCold    . . .     Faith    .   (no shield)
rNeg     . . .     Spirit   .   a - +0 robe
rPois    .         Reflect  .   (helmet restricted)
rElec    .         Harm     .   (no cloak)
rCorr    .         Rampage  .   b - +0 pair of gloves
Will     .....                  (boots unavailable)
Stlth    ++........             h - amulet of inaccuracy
HPRegen  0.08/turn              (no ring)
MPRegen  0.11/turn              (no ring)

@: no status effects
A: beak, talons 3
a: no special abilities


You were on level 2 of the Dungeon.
You visited 1 branch of the dungeon, and saw 2 of its levels.

You collected 120 gold pieces.

Inventory:

Hand Weapons
 e - a +0 spear
 p - a +1 dagger of draining (weapon)
Armour
 a - a +0 robe (worn)
 b - a +0 pair of gloves (worn)
Jewellery
 h - an amulet of inaccuracy (around neck)
Scrolls
 f - a scroll of fog {unknown}
 g - a scroll of identify {unknown}
 i - a scroll of random uselessness {unknown}
 j - 2 scrolls of remove curse
 k - a scroll of teleportation
 m - a scroll of immolation {unknown}
 o - a scroll of enchant weapon {unknown}
Potions
 c - a potion of magic {unknown}
 d - a potion of berserk rage {unknown}
 l - a potion of cancellation {unknown}
 n - a potion of lignification {unknown}
 q - a potion of degeneration {unknown}
 r - a potion of curing {unknown}


   Skills:
 + Level 2.9 Dodging
 + Level 2.5 Stealth
 + Level 2.4 Spellcasting
 + Level 2.4 Conjurations
 * Level 4.2 Fire Magic


You had 3 spell levels left.
You knew the following spells:

 Your Spells              Type           Power        Failure   Level
a - Foxfire               Conj/Fire      52%          4%          1
b - Conjure Flame         Conj/Fire      13%          14%         3

Your spell library contained the following spells:

 Spells                   Type           Power        Failure   Level
 Inner Flame              Hex/Fire       9%           22%         3
 Sticky Flame             Conj/Fire      13%          43%         4
 Fireball                 Conj/Fire      6%           78%         5


Dungeon Overview and Level Annotations

Branches:
Dungeon (2/15)

Altars:

Annotations:
D:2 Crazy Yiuf


Innate Abilities, Weirdness & Mutations

You have a beak for a mouth.
You have claws for feet.


Message History

Confirm with . or Enter, or press ? or * to list all spells.
You conjure some foxfire!
Casting: Foxfire (safe; 4% risk of failure)
Confirm with . or Enter, or press ? or * to list all spells.
You conjure some foxfire!
The foxfire hits Crazy Yiuf but does no damage.
The foxfire hits Crazy Yiuf.
Crazy Yiuf is lightly wounded.
Crazy Yiuf says, "Paint arm senile!"
Crazy Yiuf hits you with a +3 quarterstaff of chaos!
Ouch! That really hurt!
Crazy Yiuf burns you.
The foxfire hits Crazy Yiuf.
Crazy Yiuf is lightly wounded.
The foxfire hits Crazy Yiuf but does no damage.
Crazy Yiuf is lightly wounded.
Crazy Yiuf cries, "Peeping water arm!"
Crazy Yiuf hits you with a +3 quarterstaff of chaos!
Ouch! That really hurt!
You die...

#.# #.#
#########.#
#.........#
#.#######.# #.#
### #.# #.#
#@###♣♣ ###
#.g..P♣♣ ♣♣#..)#
#......♣♣♣♣.'...#
##...P..♣.g♣#...#
##....♣.♣♣♣ ###
###♣♣♣♣♣


You could see Crazy Yiuf (strong).

Vanquished Creatures
  An adder (D:1)
  2 oozes
  2 worms (D:2)
  2 dart slugs
  A ball python (D:2)
  8 bats
  8 goblins
  8 hobgoblins
  2 quokkas (D:2)
  3 frilled lizards
  10 kobolds (D:1)
  10 rats
57 creatures vanquished.

Vanquished Creatures (others)
  168 foxfires
168 creatures vanquished.

Grand Total: 225 creatures vanquished

Notes
Turn   | Place    | Note
-------+----------+-------------------------------------------
     0 | D:1      | raph the Tengu Fire Elementalist began the quest for the
                  | Orb.
     0 | D:1      | Reached XP level 1. HP: 10/10 MP: 4/4
   109 | D:1      | Reached XP level 2. HP: 13/15 MP: 4/6
   799 | D:1      | Reached XP level 3. HP: 19/19 MP: 1/7
   864 | D:1      | Learned a level 3 spell: Conjure Flame
   879 | D:1      | You fall into a shaft and drop 1 floor!
  1765 | D:2      | Reached skill level 4 in Fire Magic
  2223 | D:2      | Reached XP level 4. HP: 24/24 MP: 3/8
  3524 | D:2      | Found a runed translucent door.
  3525 | D:2      | Noticed Crazy Yiuf
  3542 | D:2      | Slain by Crazy Yiuf

Illustrated notes

Levels and vault maps discovered:
D:1:      mushboom_english_gardens, layout_rooms
D:2:      layout_loops_cross, hangedman_decor_clover_reticule,
          chequers_decorated_corner, uniq_crazy_yiuf_cottage

Skill      XL: |  1  2  3 |
---------------+----------+-----
Conjurations   | 2 |  2.4
Fire Magic     | 4 |  4.2
Dodging        | |  2.9
Stealth        | |  2.5
Spellcasting   | |  2.4

Action                   |  1- 3 |  4- 6 || total
-------------------------+-------+-------++-------
Melee: Spear             |     9 |     7 ||    16
       Kick              |     1 |     1 ||     2
       Mace              |     1 |       ||     1
       Peck              |     1 |       ||     1
 Cast: Foxfire           |    62 |    37 ||    99
       Conjure Flame     |       |     1 ||     1
  Use: Scroll            |     2 |       ||     2
Armor: Robe              |     3 |       ||     3
Dodge: Dodged            |    31 |     5 ||    36
